[gd_scene load_steps=11 format=2]

[ext_resource path="res://scenes/acte1/Depart.gd" type="Script" id=1]
[ext_resource path="res://generiques/Tuile.tscn" type="PackedScene" id=2]
[ext_resource path="res://ressources/acte3/lumiere_neon2.png" type="Texture" id=3]
[ext_resource path="res://ressources/sons/acte1/porte_debut.ogg" type="AudioStream" id=4]
[ext_resource path="res://generiques/Personnage.tscn" type="PackedScene" id=5]
[ext_resource path="res://generiques/Neant.tscn" type="PackedScene" id=6]

[sub_resource type="Animation" id=1]
resource_name = "fermeture_porte"
length = 0.3
tracks/0/type = "value"
tracks/0/path = NodePath("PorteGauche:position")
tracks/0/interp = 1
tracks/0/loop_wrap = true
tracks/0/imported = false
tracks/0/enabled = true
tracks/0/keys = {
"times": PoolRealArray( 0, 0.3 ),
"transitions": PoolRealArray( 1, 1 ),
"update": 0,
"values": [ Vector2( 0, 0 ), Vector2( 32, 0 ) ]
}
tracks/1/type = "value"
tracks/1/path = NodePath("PorteDroite:position")
tracks/1/interp = 1
tracks/1/loop_wrap = true
tracks/1/imported = false
tracks/1/enabled = true
tracks/1/keys = {
"times": PoolRealArray( 0, 0.3 ),
"transitions": PoolRealArray( 1, 1 ),
"update": 0,
"values": [ Vector2( 0, 0 ), Vector2( -32, 0 ) ]
}

[sub_resource type="OccluderPolygon2D" id=2]
polygon = PoolVector2Array( 354, 640, 479, 640, 479, 607, 354, 607 )

[sub_resource type="OccluderPolygon2D" id=3]
polygon = PoolVector2Array( 543, 607, 543, 640, 671, 640, 671, 607 )

[sub_resource type="RectangleShape2D" id=4]
extents = Vector2( 92, 10 )

[node name="Depart" type="Node2D"]
script = ExtResource( 1 )

[node name="Tuiles" type="Node2D" parent="."]

[node name="Tuile" parent="Tuiles" instance=ExtResource( 2 )]
position = Vector2( 384, 448 )

[node name="Tuile2" parent="Tuiles" instance=ExtResource( 2 )]
position = Vector2( 448, 448 )

[node name="Tuile3" parent="Tuiles" instance=ExtResource( 2 )]
position = Vector2( 512, 448 )

[node name="Tuile4" parent="Tuiles" instance=ExtResource( 2 )]
position = Vector2( 576, 448 )

[node name="Tuile5" parent="Tuiles" instance=ExtResource( 2 )]
position = Vector2( 640, 448 )

[node name="Tuile7" parent="Tuiles" instance=ExtResource( 2 )]
position = Vector2( 640, 512 )

[node name="Tuile8" parent="Tuiles" instance=ExtResource( 2 )]
position = Vector2( 576, 512 )

[node name="Tuile9" parent="Tuiles" instance=ExtResource( 2 )]
position = Vector2( 512, 512 )

[node name="Tuile10" parent="Tuiles" instance=ExtResource( 2 )]
position = Vector2( 448, 512 )

[node name="Tuile11" parent="Tuiles" instance=ExtResource( 2 )]
position = Vector2( 384, 512 )

[node name="Tuile12" parent="Tuiles" instance=ExtResource( 2 )]
position = Vector2( 384, 576 )

[node name="Tuile13" parent="Tuiles" instance=ExtResource( 2 )]
position = Vector2( 448, 576 )

[node name="Tuile14" parent="Tuiles" instance=ExtResource( 2 )]
position = Vector2( 512, 576 )

[node name="Tuile15" parent="Tuiles" instance=ExtResource( 2 )]
position = Vector2( 576, 576 )

[node name="Tuile16" parent="Tuiles" instance=ExtResource( 2 )]
position = Vector2( 640, 576 )

[node name="Tuile17" parent="Tuiles" instance=ExtResource( 2 )]
position = Vector2( 640, 384 )

[node name="Tuile18" parent="Tuiles" instance=ExtResource( 2 )]
position = Vector2( 576, 384 )

[node name="Tuile19" parent="Tuiles" instance=ExtResource( 2 )]
position = Vector2( 512, 384 )

[node name="Tuile20" parent="Tuiles" instance=ExtResource( 2 )]
position = Vector2( 448, 384 )

[node name="Tuile21" parent="Tuiles" instance=ExtResource( 2 )]
position = Vector2( 384, 384 )

[node name="Tuile22" parent="Tuiles" instance=ExtResource( 2 )]
position = Vector2( 384, 320 )

[node name="Tuile23" parent="Tuiles" instance=ExtResource( 2 )]
position = Vector2( 448, 320 )

[node name="Tuile24" parent="Tuiles" instance=ExtResource( 2 )]
position = Vector2( 512, 320 )

[node name="Tuile25" parent="Tuiles" instance=ExtResource( 2 )]
position = Vector2( 576, 320 )

[node name="Tuile26" parent="Tuiles" instance=ExtResource( 2 )]
position = Vector2( 640, 320 )

[node name="Tuile27" parent="Tuiles" instance=ExtResource( 2 )]
position = Vector2( 480, 256 )

[node name="Tuile28" parent="Tuiles" instance=ExtResource( 2 )]
position = Vector2( 544, 256 )

[node name="Tuile29" parent="Tuiles" instance=ExtResource( 2 )]
position = Vector2( 544, 192 )

[node name="Tuile30" parent="Tuiles" instance=ExtResource( 2 )]
position = Vector2( 480, 192 )

[node name="Tuile31" parent="Tuiles" instance=ExtResource( 2 )]
position = Vector2( 480, 128 )

[node name="Tuile32" parent="Tuiles" instance=ExtResource( 2 )]
position = Vector2( 544, 128 )

[node name="Tuile33" parent="Tuiles" instance=ExtResource( 2 )]
position = Vector2( 544, 64 )

[node name="Tuile34" parent="Tuiles" instance=ExtResource( 2 )]
position = Vector2( 480, 64 )

[node name="Tuile35" parent="Tuiles" instance=ExtResource( 2 )]
position = Vector2( 480, 0 )

[node name="Tuile36" parent="Tuiles" instance=ExtResource( 2 )]
position = Vector2( 544, 0 )

[node name="Light2D" type="Light2D" parent="."]
position = Vector2( 521, 762 )
rotation = 3.14159
scale = Vector2( 2.4192, 3.37432 )
texture = ExtResource( 3 )
offset = Vector2( 0, 100 )
shadow_enabled = true

[node name="AnimationPlayer" type="AnimationPlayer" parent="."]
anims/fermeture_porte = SubResource( 1 )

[node name="PorteGauche" type="Node2D" parent="."]

[node name="Occluder" type="LightOccluder2D" parent="PorteGauche"]
occluder = SubResource( 2 )

[node name="PorteDroite" type="Node2D" parent="."]

[node name="Occluder" type="LightOccluder2D" parent="PorteDroite"]
occluder = SubResource( 3 )

[node name="AudioStreamPlayer2D" type="AudioStreamPlayer2D" parent="."]
stream = ExtResource( 4 )

[node name="TimerPorte" type="Timer" parent="."]
one_shot = true
autostart = true

[node name="Personnage" parent="." instance=ExtResource( 5 )]
position = Vector2( 492, 445 )

[node name="TimerTuto" type="Timer" parent="."]
wait_time = 2.0
one_shot = true

[node name="Fin" type="Area2D" parent="."]

[node name="CollisionShape2D" type="CollisionShape2D" parent="Fin"]
position = Vector2( 512, -9 )
shape = SubResource( 4 )

[node name="Vides" type="Node2D" parent="."]

[node name="Vide" type="Area2D" parent="."]

[node name="CollisionPolygon2D" type="CollisionPolygon2D" parent="Vide"]
polygon = PoolVector2Array( 432, 272, 336, 272, 336, 624, 688, 624, 688, 272, 592, 272, 592, -224, 832, -224, 832, 704, 224, 704, 224, -144, 224, -224, 432, -224, 432, -96 )

[node name="Neant" parent="." instance=ExtResource( 6 )]
position = Vector2( 512, 320 )

[node name="Tween" type="Tween" parent="."]
[connection signal="timeout" from="TimerPorte" to="." method="_on_Timer_timeout"]
[connection signal="tomber" from="Personnage" to="." method="_on_Personnage_tomber"]
[connection signal="timeout" from="TimerTuto" to="." method="_on_TimerTuto_timeout"]
[connection signal="body_entered" from="Fin" to="." method="_on_Fin_body_entered"]
[connection signal="body_entered" from="Vide" to="." method="_on_Vide_body_entered"]
